 Dungeon Crawl Stone Soup version 0.31.0-4-g52a2dc7128 (webtiles) character file.

Game seed: 2762737840901168895

278 Gottschkopf the Apothecary (level 6, -4/32 HPs)
             Began as a Tengu Alchemist on Jan 22, 2024.
             Slain by a black bear (8 damage)
             ... on level 4 of the Dungeon.
             The game lasted 00:11:00 (3374 turns).

Gottschkopf the Apothecary (Tengu Alchemist)        Turns: 3374, Time: 00:11:01

Health: -4/32      AC:  2    Str:  8    XL:     6   Next: 26%
Magic:  8/11       EV: 13    Int: 17    God:
Gold:   98         SH:  0    Dex: 15    Spells: 4/11 levels left

rFire   . . .        t - staff of conjuration
rCold   . . .        (no shield)
rNeg    . . .        a - +0 robe
rPois   .            u - +0 hat
rElec   .            (no cloak)
rCorr   .            (no gloves)
SInv    .            (boots unavailable)
Will    .....        (no amulet)
Stlth   ++           (no ring)
HPRegen 0.25/turn    (no ring)
MPRegen 0.12/turn

%: acrobat
@: no status effects
A: beak, talons 3, acrobatic
a: no special abilities


You were on level 4 of the Dungeon.
You visited 1 branch of the dungeon, and saw 4 of its levels.

You collected 98 gold pieces.

Inventory:

Hand Weapons
 g - a +0 dagger
 v - a +2 dagger of holy wrath
Missiles
 r - a throwing net
Armour
 a - a +0 robe (worn)
 u - a +0 hat (worn)
Magical Staves
 t - a staff of conjuration (weapon)
Talismans
 l - a dragon-blood talisman
Scrolls
 c - 3 scrolls of teleportation {unknown}
 f - 2 scrolls of identify {unknown}
 i - a scroll of poison {unknown}
 m - 2 scrolls of vulnerability {unknown}
 n - a scroll of enchant armour {unknown}
 p - a scroll of amnesia {unknown}
 q - 2 scrolls of fog {unknown}
 s - a scroll of noise {unknown}
Potions
 b - 2 potions of magic
 d - a potion of degeneration {unknown}
 e - a potion of invisibility {unknown}
 h - a potion of might {unknown}
 j - a potion of mutation {unknown}
 k - 3 potions of curing {unknown}
 o - a potion of berserk rage {unknown}


   Skills:
 + Level 3.7 Dodging
 - Level 2.2 Stealth
 + Level 3.1 Spellcasting
 - Level 3.3 Conjurations
 - Level 1.2 Air Magic
 * Level 4.2 Alchemy


You had 4 spell levels left.
You knew the following spells:

 Your Spells              Type           Power      Damage    Failure   Level
a - Sting                 Conj/Alch      92%        1d8       3%          1
b - Mercury Vapours       Alch/Air       24%        N/A       9%          2
c - Olgreb's Toxic Radia  Alch           17%        N/A       30%         4

Your spell library contained the following spells:

 Spells                   Type           Power      Damage    Failure   Level
 Mephitic Cloud           Conj/Alch/Air  18%        N/A       16%         3
 Sticky Flame             Fire/Alch      9%         2d5       56%         4


Dungeon Overview and Level Annotations

Branches:
Dungeon (4/15)
 Temple: D:4-7

Altars:
Hepliaklqana


Innate Abilities, Weirdness & Mutations

You have a beak for a mouth.
You have claws for feet.
You can magically evade attacks while moving or waiting.


Message History

You open the door.
There is an open door here.
You now have 98 gold pieces (gained 10).
You open the door.
Found a stone staircase leading down.
There is an open door here.
There is a stone staircase leading down here.
A black bear comes into view.
Found a scroll labelled QOMEKO KIROKUM.
Casting: Sting (safe; 3% risk of failure)
Confirm with . or Enter, or press ? or * to list all spells.
You feel a surge of power!
The sting hits the black bear.
The black bear is poisoned.
The black bear is moderately wounded.
The black bear growls angrily.
Casting: Sting (safe; 3% risk of failure)
Confirm with . or Enter, or press ? or * to list all spells.
You feel a surge of power!
The sting hits the black bear!
The black bear looks even sicker.
The black bear is heavily wounded.
Casting: Sting (safe; 3% risk of failure)
Confirm with . or Enter, or press ? or * to list all spells.
You feel a surge of power!
The sting hits the black bear.
The black bear looks even sicker.
The black bear is severely wounded.
The black bear goes berserk!
The black bear attacks as it pursues you!
The black bear closely misses you. The black bear completely misses you.
The black bear closely misses you. The black bear bites you!
The black bear misses you. x2
There is a stone staircase leading down here.
Casting: Sting (safe; 3% risk of failure)
Confirm with . or Enter, or press ? or * to list all spells.
You feel a surge of power!
The sting hits the black bear.
The black bear looks even sicker.
The black bear is almost dead.
The black bear bites you. The black bear claws you. The black bear claws you!
* * * LOW HITPOINT WARNING * * *
The black bear bites you!
You die...

#..........# #....##..
#..........# #.......
#......!...# #......
#.....###### #.....
+.....# #....# #.....#
#....#######.....#
#....##....#h....# .
#..........#@....#
#####..........'.....#
#........##....#.....#
#..##....##....#.....#
#..########....#.....#
#...# #.....#.....#
#...# #.....#.....#
#..## #.....#.....#
##'# ##....#.....#


You could see a black bear (berserk, very poisoned).

Vanquished Creatures
  A sleepcap (D:4)
  3 iguanas
  An orc wizard (D:4)
  5 gnolls
  4 adders
  2 dart slugs
  A ribbon worm (D:2)
  8 orcs
  A ball python (D:2)
  5 endoplasms
  2 giant cockroaches
  4 goblins
  2 hobgoblins (D:2)
  9 kobolds
  2 quokkas (D:1)
  A frilled lizard (D:2)
51 creatures vanquished.

Notes
Turn   | Place    | Note
-------+----------+-------------------------------------------
     0 | D:1      | Gottschkopf the Tengu Alchemist began the quest for the
                  | Orb.
     0 | D:1      | Reached XP level 1. HP: 10/10 MP: 4/4
   240 | D:1      | Reached XP level 2. HP: 15/15 MP: 3/6
   699 | D:1      | Learned a level 2 spell: Mercury Vapours
   859 | D:2      | Reached XP level 3. HP: 19/19 MP: 0/7
  1200 | D:2      | Reached skill level 1 in Air Magic
  1200 | D:2      | Reached skill level 3 in Alchemy
  1207 | D:2      | Reached XP level 4. HP: 9/24 MP: 2/8
  1311 | D:3      | Found a hazy altar of Hepliaklqana.
  1463 | D:2      | Learned a level 4 spell: Olgreb's Toxic Radiance
  1835 | D:2      | Reached XP level 5. HP: 28/28 MP: 1/9
  2993 | D:4      | Reached skill level 4 in Alchemy
  2993 | D:4      | Reached XP level 6. HP: 19/32 MP: 3/11
  3361 | D:4      | Noticed a black bear
  3374 | D:4      | Slain by a black bear

Illustrated notes

Levels and vault maps discovered:
D:1:      lemuel_arrival_broad_hall, layout_basic, kennysheep_another_room
D:2:      layout_loops_cross
D:3:      layout_rooms, lemuel_crystal_altar
D:4:      layout_gridville, zin_purify

Skill      XL: |  1  2  3  4  5 |
---------------+----------------+-----
Conjurations   | 2 3 |  3.3
Air Magic      | 1 |  1.2
Alchemy        | 3 4 |  4.2
Dodging        | 3 |  3.7
Spellcasting   | 3 |  3.1
Stealth        | |  2.2

Action                     |  1- 3 |  4- 6 || total
---------------------------+-------+-------++-------
  Melee: Unarmed           |     6 |       ||     6
         Dagger            |    14 |     4 ||    18
         Kick              |     5 |     1 ||     6
         Peck              |     1 |       ||     1
         Staff             |       |     4 ||     4
   Cast: Sting             |    46 |    81 ||   127
         Mercury Vapours   |     3 |     4 ||     7
   Stab: Sleeping          |       |     1 ||     1
 Armour: Robe              |    19 |    27 ||    46
  Dodge: Dodged            |    35 |    46 ||    81
